cohdb
Replays
Latest Replays
All Replays
Popular Replays
Top Player Replays
Match Explorer
How It Works
Community
CoH3 Stats
Reddit
Sign in to upload your games and track your stats! →
Sign in with Steam
Match 45265705
Unlisted
Match 45265705
Overview
Messages
Build Orders
End
Construct Infanterie Kompanie
MG 42 Machine Gun Team
Kettenkrad Recon Vehicle
Grenadier Squad
GrW 34 Mortar Team
Construct Panzergrenadier Kompanie
251 Medium Carrier
Panzergrenadier Squad
Selects Mechanized Battlegroup
Selects Raid Package
Pak 40 Anti-tank Gun Team
Pioneer Squad
Medical Bunker
Selects StuG Assault Group
StuG Assault Group
Support Elements
MN97
nacke
Semmelweis
Cassius
lonely all the way
Master Bass Sean!
Fortress85
Visetiisen
0
0
Comments
sign in to comment!
No comments posted yet!